 Dungeon Crawl Stone Soup version 0.31.0-11-ge490571c62 (webtiles) character file.

Game seed: 4209069836851276007

439 qw the Skirmisher (level 6, 0/35 HPs)
             Began as a Deep Elf Hunter on Feb 5, 2024.
             Succumbed to a water moccasin's poison
             ... on level 4 of the Dungeon.
             The game lasted 00:02:42 (2534 turns).

qw the Skirmisher (Deep Elf Hunter)                 Turns: 2534, Time: 00:02:43

Health: 0/35       AC:  5    Str:  9 (10) XL:     6   Next: 70%
Magic:  8/8        EV: 11    Int: 11 (14) God:
Gold:   190        SH:  5    Dex: 18      Spells: 5/5 levels left

rFire   . . .        a - +0 shortbow
rCold   . . .        (shield currently unavailable)
rNeg    . . .        e - +0 ring mail
rPois   .            (no helmet)
rElec   .            (no cloak)
rCorr   .            (no gloves)
SInv    .            (no boots)
Will    .....        g - amulet of reflection
Stlth   +            (no ring)
HPRegen 0.25/turn    (no ring)
MPRegen 0.11/turn

%: reflection
@: lethally poisoned (0 -> -4)
A: no striking features
a: no special abilities


You were on level 4 of the Dungeon.
You visited 1 branch of the dungeon, and saw 4 of its levels.

You collected 190 gold pieces.


   Skills:
 - Level 2.0 Fighting
 - Level 10.4 Ranged Weapons
 + Level 2.4 Dodging
 - Level 1.2 Stealth


You had 5 spell levels left.
You didn't know any spells.
Your spell library was empty.

Inventory:

Hand Weapons
 a - a +0 shortbow (weapon)
Armour
 e - a +0 ring mail (worn)
Jewellery
 g - an amulet of reflection (around neck)
Wands
 f - a wand of flame (14)
Scrolls
 h - a scroll of fear {unknown}
 j - a scroll of identify
Potions
 b - a potion of mutation
 c - a potion of resistance {unknown}
 d - a potion of lignification {unknown}
 i - a potion of brilliance {unknown}
 m - a potion of heal wounds {unknown}

Dungeon Overview and Level Annotations

Branches:
Dungeon (4/15)
 Temple: D:4-7

Altars:

Shops:
D:1 [


Message History

The arrow barely misses the water moccasin.
You feel sick. You block the water moccasin's attack.
The water moccasin barely misses you.
You shoot an arrow.
The arrow barely misses the water moccasin.
You feel very sick.
The water moccasin bites you but does no damage.
You shoot an arrow. The arrow hits the water moccasin.
The water moccasin is moderately wounded.
You feel sick.
The water moccasin bites you but does no damage.
The water moccasin bites you.
You shoot an arrow.
The arrow closely misses the water moccasin.
You feel sick.
The water moccasin bites you but does no damage.
You shoot an arrow.
The arrow completely misses the water moccasin.
You feel sick. You block the water moccasin's attack.
The water moccasin closely misses you.
You shoot an arrow. The arrow hits the water moccasin.
The water moccasin is moderately wounded.
You feel sick. The water moccasin bites you.
You are lethally poisoned!
The water moccasin poisons you!
You shoot an arrow. The arrow hits the water moccasin!
The water moccasin is severely wounded.
You feel very sick. The water moccasin barely misses you.
The water moccasin closely misses you.
You shoot an arrow. The arrow hits the water moccasin!
You kill the water moccasin!
You feel sick.
You feel your dexterity returning.
Your Ranged Weapons skill increases to level 10!
There is a lethal amount of poison in your body!
You feel sick.
There is a lethal amount of poison in your body!
You feel sick.
There is a lethal amount of poison in your body!
You die...

# ### ............## #
##.## #............#
###...## #............#
.#.....## #...........#
.#......## #....(.....#
.........## #...."....#
..........#####%.......#
#.........##....@......#
#..................#..##
##...........~~~~....#
#...####.....~~~~}..##
#..## ##....~~~~....#
#... #............#
#........$##.#
#....###### .# ....## #


There were no monsters in sight!

Vanquished Creatures
  Sigmund (D:2)
  A water moccasin (D:4)
  An orc priest (D:3)
  An orc wizard (D:4)
  2 adders
  A dart slug (D:2)
  3 ribbon worms
  12 orcs
  3 bats
  5 endoplasms
  7 giant cockroaches
  7 goblins
  8 hobgoblins
  3 jackals (D:3)
  9 kobolds
  2 quokkas (D:2)
  5 ball pythons
  4 frilled lizards
  9 rats
84 creatures vanquished.

Notes
Turn   | Place    | Note
-------+----------+-------------------------------------------
     0 | D:1      | qw the Deep Elf Hunter began the quest for the Orb.
     0 | D:1      | Reached XP level 1. HP: 12/12 MP: 3/3
     0 | D:1      | 0 ||| qw: Version: 0.3-a-160-g6735b56
     0 | D:1      | 0 ||| qw: Game counter: 6313
     0 | D:1      | 0 ||| qw: Melee chars always use a shield: true
     0 | D:1      | 0 ||| qw: God list: Okawaru
     0 | D:1      | 0 ||| qw: Allow faded altars: false
     0 | D:1      | 0 ||| qw: Do Orc after clearing Dungeon:15 true
     0 | D:1      | 0 ||| qw: Do second Lair branch before Depths: true
     0 | D:1      | 0 ||| qw: Lair rune preference: random
     0 | D:1      | 0 ||| qw: Goals: Normal
     0 | D:1      | 0 ||| PLANNING D:1-11
   158 | D:1      | Found Zifeseck's Antique Armour Emporium.
   166 | D:1      | 166 ||| SHOPLISTING ring mail (96 gold, have 0).
   186 | D:1      | Reached skill level 6 in Ranged Weapons
   186 | D:1      | Reached XP level 2. HP: 16/16 MP: 4/4
   652 | D:1      | 652 ||| UPGRADING to +0 ring mail.
   662 | D:1      | 662 ||| DROPPING +0 leather armour.
   663 | D:1      | 663 ||| READING scroll labelled QYSHRO RISUITAM.
   764 | D:1      | 764 ||| DROPPING scroll of butterflies.
   790 | D:2      | 790 ||| STAIRDANCE
   978 | D:2      | Reached XP level 3. HP: 20/20 MP: 5/5
  1050 | D:2      | 1050 ||| FLEEEEING.
  1051 | D:2      | 1051 ||| FLEEEEING.
  1054 | D:2      | Reached skill level 7 in Ranged Weapons
  1183 | D:2      | Noticed Sigmund
  1191 | D:2      | Killed Sigmund
  1192 | D:2      | Reached skill level 9 in Ranged Weapons
  1192 | D:2      | Reached XP level 4. HP: 18/25 MP: 6/6
  1192 | D:2      | Reached XP level 5. HP: 21/29 MP: 7/7
  1511 | D:2      | 1511 ||| UPGRADING to amulet of reflection.
  1516 | D:2      | 1516 ||| DRINKING 2 bubbling silvery potions.
  1517 | D:2      | 1517 ||| DROPPING potion of degeneration.
  1561 | D:3      | 1561 ||| STAIRDANCE
  1783 | D:3      | Reached XP level 6. HP: 16/35 MP: 8/8
  2041 | D:3      | 2041 ||| READING scroll labelled DOM HUOPTOOS.
  2046 | D:3      | 2046 ||| READING 3 scrolls labelled QABBEOFONN.
  2047 | D:3      | 2047 ||| READING 2 scrolls labelled BILURI YCHIMI.
  2148 | D:3      | 2148 ||| READING scroll labelled VIAPTA KYSO.
  2148 | D:3      | 2148 ||| IDENTIFYING metallic black potion
  2149 | D:3      | 2149 ||| DROPPING 2 scrolls of blinking.
  2150 | D:3      | 2150 ||| DROPPING scroll of silence.
  2520 | D:4      | Noticed a water moccasin
  2530 | D:4      | HP: 6/35 [poisoned by a water moccasin]
  2531 | D:4      | Killed a water moccasin
  2532 | D:4      | Reached skill level 10 in Ranged Weapons
  2532 | D:4      | HP: 2/35 [poisoned by a water moccasin]
  2534 | D:4      | Succumbed to a water moccasin's poison

Levels and vault maps discovered:
D:1:      dpeg_arrival_concentric_ovals, layout_basic, serial_shops,
          nicolae_shop_pleasant_corner_grove
D:2:      layout_basic, nrook_mini_backslash, grunt_ministairs_11, uniq_sigmund
D:3:      layout_rooms
D:4:      layout_cave_pods, serial_park_tiny_pond, grunt_decor_resistance,
          minmay_misc_feat_pillars, grunt_decor_fettered,
          amcnicky_mini_corridor_feature, minmay_close_crescents

Skill      XL: |  1  2  3  4  5  6 |
---------------+-------------------+-----
Ranged Weapons | 6 9 10 | 10.4
Fighting       | 2 |  2.0
Dodging        | |  2.4
Stealth        | |  1.2

Action                     |  1- 3 |  4- 6 || total
---------------------------+-------+-------++-------
   Fire: Shortbow          |   107 |   184 ||   291
    Use: Scroll            |     1 |     4 ||     5
         Potion            |       |     1 ||     1
 Armour: Ring mail         |    23 |    59 ||    82
         Leather armour    |     3 |       ||     3
  Dodge: Dodged            |    16 |    42 ||    58
  Block: Other             |       |    16 ||    16
         Reflection        |       |     1 ||     1

Table legend:
 A = Non-vault XP
 B = Vault XP
 C = Vault XP percentage of total XP
 D = Non-vault monster count
 E = Vault monster count
 F = Vault count percentage of total count
                 A         B        C        D         E       F
            +---------+---------+-------+---------+---------+-------
      Total |     399 |     229 |  36.5 |      81 |       3 |   3.6
            +---------+---------+-------+---------+---------+-------
        D:1 |      35 |       0 |   0.0 |      20 |       0 |   0.0
        D:2 |      53 |     229 |  81.2 |      22 |       3 |  12.0
        D:3 |     101 |       0 |   0.0 |      28 |       0 |   0.0
        D:4 |     210 |       0 |   0.0 |      11 |       0 |   0.0
            +---------+---------+-------+---------+---------+-------
